 Dungeon Crawl Stone Soup version 0.20.0-15-g7f486f2 (webtiles) character file.

17303 4thArraOfDagon the Severer (level 12, 0/110 HPs)
             Began as a Hill Orc Fighter on June 10, 2017.
             Was a High Priest of Beogh.
             Slain by an ice devil (11 damage)
             ... summoned by an orc sorcerer
             ... led by an orc knight
             ... on level 12 of the Dungeon.
             The game lasted 00:25:31 (6507 turns).

4thArraOfDagon the Severer (Hill Orc Fighter)       Turns: 6507, Time: 00:25:32

Health: 0/110      AC: 14    Str: 22    XL:     12   Next: 46%
Magic:  20/20      EV: 11    Int: 14    God:    Beogh [*****.]
Gold:   386        SH:  0    Dex: 19    Spells: 11/11 levels left

rFire    . . .     SeeInvis .   O - +2 hand axe of Recklessness {venom, Fragile rElec Int+4 Dex+4} (curse)
rCold    . . .     Gourm    .   (no shield)
rNeg     . . .     Faith    .   K - +0 troll leather armour
rPois    .         Spirit   .   o - +2 helmet
rElec    +         Reflect  .   (no cloak)
rCorr    .         Harm     .   Z - +1 pair of gloves
MR       .....                  t - +1 pair of boots
Stlth    +.........             (no amulet)
Regen    0.7/turn               q - +5 ring of dexterity
MPRegen  0.2/turn               n - +2 ring of slaying

@: lethally poisoned (0 -> -1)
A: walk on water
a: Smiting, Recall Orcish Followers, Give Item to Named Follower, Renounce
Religion


You were on level 12 of the Dungeon.
You worshipped Beogh.
Beogh was extremely pleased with you.
You were hungry.

You visited 1 branch of the dungeon, and saw 15 of its levels.

You collected 515 gold pieces.
You spent 129 gold pieces at shops.

Inventory:

Hand Weapons
 a - a +0 war axe
 j - a +0 blowgun
 k - a +0 battleaxe
 D - a +1 hand axe of freezing
 O - the cursed +2 hand axe of Recklessness (weapon) {venom, Fragile rElec Int+4 Dex+4}
   (You found it on level 11 of the Dungeon)

   It poisons the flesh of those it strikes.
   It affects your intelligence (+4).
   It affects your dexterity (+4).
   It insulates you from electricity.
   It will be destroyed if unequipped.
   It has a curse placed upon it.
 T - a +3 blowgun
Missiles
 U - 10 curare-tipped needles
Armour
 b - a +0 scale mail
 c - a +0 shield
 o - a +2 helmet (worn)
 t - a +1 pair of boots (worn)
 K - a +0 troll leather armour (worn)
 Z - a +1 pair of gloves (worn)
Magical Staves
 d - a cursed staff of power {unknown}
Jewellery
 e - an uncursed ring of resist corrosion
 n - a +2 ring of slaying (right hand)
 q - a +5 ring of dexterity (left hand)
 s - an uncursed ring of stealth
 E - a +3 ring of dexterity
Wands
 l - a wand of flame (19/48)
 v - a wand of polymorph (3/24)
 y - a wand of polymorph (11/24)
 C - a wand of polymorph (9/24)
 F - a wand of paralysis (8/24)
 H - a wand of iceblast (9/15)
 P - a wand of random effects (8/48)
 S - a wand of paralysis (7/24)
Scrolls
 g - 3 scrolls of amnesia {unknown}
 h - 2 scrolls of random uselessness {unknown}
 i - 4 scrolls of teleportation {unknown}
 m - 2 scrolls of magic mapping {unknown}
 r - 2 scrolls of fog {unknown}
 u - 5 scrolls of identify {unknown}
 w - 2 scrolls of enchant weapon
 x - a scroll of recharging {unknown}
 A - a scroll of holy word {unknown}
 I - 2 scrolls of silence {unknown}
 N - 3 scrolls of remove curse {unknown}
 Q - a scroll of acquirement {unknown}
 W - a scroll of enchant armour
Potions
 f - a potion of magic {unknown}
 p - 3 potions of curing
 z - 2 potions of resistance {unknown}
 B - a potion of ambrosia {unknown}
 L - a potion of flight
 M - a potion of invisibility {unknown}
 R - a potion of might
 X - 2 potions of haste
Comestibles
 G - a bread ration
 J - 2 meat rations
 V - a chunk of flesh
 Y - 2 royal jellies


   Skills:
 + Level 11.3 Fighting
 * Level 16.1 Axes
 + Level 10.5 Armour
 - Level 3.2 Shields
 + Level 10.9 Invocations


You had 11 spell levels left.
You didn't know any spells.

Dungeon Overview and Level Annotations

Branches:
Dungeon (15/15)              Lair (0/6) D:10            Orc (0/2) D:12
 Depths (0/5) D:15
 Temple: D:4-7       Vaults: D:13-14

Altars:
Okawaru
Ru
Yredelemnul

Shops:
D:6 *   D:15 :

Annotations:
D:2 Natasha


Message History

r - Retreat! s - Stop attacking. g - Guard the area. f - Follow me.
Anything else - Cancel.
Gang up on whom?
Press: ? - help, Dir - move target cursor, f - orc sorcerer
Aim: an orc sorcerer, wielding a dagger and wearing a robe (unusually strong) Attack!
You feel sick. The orange demon closely misses you.
The ice devil barely misses you.
The orc sorcerer hits your orc warrior with a dagger.
The troll bites you!
* * * LOW HITPOINT WARNING * * *
The troll claws you but does no damage. x2
Unknown command.
Unknown command.
Unknown command.
Unknown command.
You feel sick. The ice devil hits you!
* * * LOW HITPOINT WARNING * * *
The ice devil freezes you!
You die...

....... ............. .....
............. #...#
########..... #...# #...##
#...# #...# #####...# #...#
........(###############...##
.............(4..............
............@4To..........^..
.......(.....o..o.......†....
........................÷....
....................>........
.............................
............................
####################.######
#.# #.#


You could see an orange demon, an ice devil, a troll, an orc sorcerer, the
friendly Orgrim the orc knight and a friendly orc warrior (paralysed).

Vanquished Creatures
  Josephine (D:14)
  Erolcha (D:10)
  4 two-headed ogres
  2 deep elf magi
  A necromancer (D:15)
  A manticore (D:14)
  A cyclops (D:13)
  A gargoyle (D:13)
  A centaur skeleton (D:12)
  2 trolls
  Grinder (D:3)
  A hippogriff (D:14)
  A vampire (D:14)
  2 wraiths (D:14)
  8 yaks
  A hungry ghost (D:14)
  2 vampire mosquitoes (D:15)
  A soldier ant (D:10)
  A hell hound (D:10)
  An orc warrior (D:6)
  2 ice beasts
  2 sky beasts
  A slave (D:7)
  2 black bears
  3 phantoms
  A centaur (D:9)
  2 ogres
  2 crocodiles
  3 big kobolds
  5 bullfrogs
  A wyvern skeleton (D:14)
  A water moccasin skeleton (D:11)
  4 scorpions
  13 killer bees
  6 wights
  2 centaur zombies
  4 crimson imps
  2 quasits
  2 bullfrog zombies
  3 orc priests
  3 hounds
  A gnoll shaman (D:4)
  8 orc wizards
  A bullfrog skeleton (D:6)
  2 iguanas
  5 worker ants
  A worker ant zombie (D:9)
  A howler monkey skeleton (D:10)
  6 adders
  12 gnolls
  2 shadow imps
  An ooze (D:2)
  2 adder skeletons
  An adder zombie (D:7)
  2 leopard geckos
  19 orcs
  3 bats
  3 goblins
  9 jackals
  2 quokkas (D:2)
  A ball python (D:2)
  19 kobolds
  A quokka skeleton (D:6)
  A rat (D:1)
201 creatures vanquished.

Vanquished Creatures (collateral kills)
  2 two-headed ogres
  An orc knight (D:12)
  2 ugly things (D:11)
  2 deep elf magi
  A gargoyle (D:15)
  A wyvern (D:12)
  15 yaks
  A wraith (D:14)
  2 vampire mosquitoes (D:15)
  A hell hound (D:10)
  A black bear (D:9)
  An orc warrior (D:15)
  A necrophage (D:13)
  An ice beast (D:11)
  A centaur (D:9)
  A scorpion (D:11)
  A killer bee (D:11)
  2 wights
  2 hounds
  An orc priest (D:10)
  A jelly (D:11)
  2 orc wizards
  An iguana (D:11)
  2 orcs
  A kobold (D:11)
  A quokka (D:12)
48 creatures vanquished.

Vanquished Creatures (others)
  2 orc knights
  An orc sorcerer (D:15)
  3 orc wizards
  3 orc warriors
  2 orc priests
  A worm (D:3)
  11 orcs
  2 withered plants (D:15)
25 creatures vanquished.

Grand Total: 274 creatures vanquished

Notes
Turn   | Place    | Note
-------+----------+-------------------------------------------
     0 | D:1      | 4thArraOfDagon the Hill Orc Fighter began the quest for the Orb.
     0 | D:1      | Reached XP level 1. HP: 19/19 MP: 1/1
    25 | D:3      | Noticed an orc priest
    25 | D:3      | Noticed an orc priest
    26 | D:3      | Became a worshipper of Beogh the Brigand
    27 | D:3      | WOt
   103 | D:1      | Reached skill level 3 in Axes
   307 | D:2      | Reached XP level 2. HP: 24/27 MP: 2/2
   387 | D:2      | Reached XP level 3. HP: 15/33 MP: 3/3
   415 | D:2      | Reached skill level 4 in Axes
   435 | D:2      | Noticed Natasha
   521 | D:3      | Noticed Grinder
   531 | D:3      | Killed Grinder
   531 | D:3      | Reached skill level 6 in Axes
   531 | D:3      | Reached XP level 4. HP: 35/41 MP: 4/4
   531 | D:3      | Reached XP level 5. HP: 40/47 MP: 5/5
   531 | D:3      | Reached XP level 6. HP: 46/55 MP: 6/6
   596 | D:5      | Entered Level 5 of the Dungeon
   844 | D:6      | Noticed an orc warrior
   894 | D:5      | Noticed a phantom
   921 | D:4      | Reached skill level 5 in Fighting
   921 | D:4      | Reached skill level 1 in Invocations
  1017 | D:4      | Reached * piety under Beogh
  1186 | D:5      | Noticed an ice beast
  1201 | D:5      | Killed an ice beast
  1201 | D:5      | Reached skill level 7 in Axes
  1201 | D:5      | Reached XP level 7. HP: 15/61 MP: 8/8
  1214 | D:5      | Reached skill level 5 in Armour
  1354 | D:6      | Reached skill level 8 in Axes
  1609 | D:6      | Reached XP level 8. HP: 70/70 MP: 10/10
  1679 | D:6      | Found Copei's Assorted Antiques.
  1687 | D:6      | Bought a scroll labeled GEJEIV XI COKOGG for 27 gold pieces
  1687 | D:6      | Bought a scroll labeled VAOMUJ UTIERGH for 27 gold pieces
  1687 | D:6      | Bought a scroll labeled ZYR BEF SANEO for 27 gold pieces
  1687 | D:6      | Bought a lumpy puce potion for 24 gold pieces
  1687 | D:6      | Bought a fizzy inky potion for 24 gold pieces
  1724 | D:6      | Reached ** piety under Beogh
  1750 | D:6      | Reached skill level 9 in Axes
  2046 | D:7      | Found an iron altar of Okawaru.
  2367 | D:8      | Reached skill level 5 in Invocations
  2384 | D:8      | Noticed a two-headed ogre
  2471 | D:9      | Reached skill level 10 in Axes
  2471 | D:9      | Reached XP level 9. HP: 61/79 MP: 12/12
  2893 | D:10     | Entered Level 10 of the Dungeon
  2893 | D:10     | Found a staircase to the Lair.
  2925 | D:10     | Reached skill level 11 in Axes
  2936 | D:10     | Reached *** piety under Beogh
  3160 | D:9      | Found a sacrificial altar of Ru.
  3267 | D:9      | Gained Orgrim as an ally
  3603 | D:10     | Noticed a two-headed ogre
  3623 | D:10     | Killed a two-headed ogre
  3623 | D:10     | Reached skill level 12 in Axes
  3623 | D:10     | Reached XP level 10. HP: 90/90 MP: 13/15
  3882 | D:10     | Gained Hilgar as an ally
  3895 | D:10     | Noticed Erolcha
  3916 | D:10     | HP: 1/90 [Erolcha/enchanted giant club (29)]
  3918 | D:10     | Killed Erolcha
  4258 | D:11     | Noticed a brown ugly thing
  4268 | D:11     | Killed a brown ugly thing
  4268 | D:11     | Reached skill level 13 in Axes
  4422 | D:11     | Noticed a two-headed ogre
  4428 | D:11     | Reached **** piety under Beogh
  4428 | D:11     | Reached XP level 11. HP: 52/97 MP: 17/17
  4441 | D:11     | Killed a two-headed ogre
  4456 | D:11     | Got a translucent hand axe
  4457 | D:11     | Identified the cursed +2 hand axe of Recklessness {venom, Fragile rElec Int+4 Dex+4} (You found it on level 11 of the Dungeon)
  4634 | D:11     | Noticed a two-headed ogre
  4648 | D:11     | Killed a two-headed ogre
  4648 | D:11     | Reached skill level 14 in Axes
  4769 | D:11     | Noticed a white ugly thing
  4777 | D:11     | Noticed a two-headed ogre
  4788 | D:11     | Killed a white ugly thing
  4788 | D:11     | Reached skill level 10 in Fighting
  4797 | D:11     | Your ally Hilgar died
  4945 | D:11     | Killed a two-headed ogre
  5096 | D:10     | Found a basalt altar of Yredelemnul.
  5264 | D:13     | Noticed a cyclops
  5271 | D:13     | Killed a cyclops
  5327 | D:13     | Noticed a two-headed ogre
  5334 | D:13     | Killed a two-headed ogre
  5379 | D:14     | Noticed a deep elf mage
  5386 | D:14     | Killed a deep elf mage
  5500 | D:14     | Noticed Josephine
  5524 | D:14     | Reached skill level 15 in Axes
  5557 | D:14     | Killed Josephine
  5557 | D:14     | Reached skill level 10 in Invocations
  5601 | D:15     | Entered Level 15 of the Dungeon
  5601 | D:15     | Noticed a necromancer
  5601 | D:15     | Noticed a deep elf mage
  5639 | D:14     | Noticed Sonja
  5640 | D:14     | Noticed Sonja
  5640 | D:14     | Sonja changed into Sonja the troll
  5647 | D:14     | Killed Sonja the troll
  5718 | D:15     | Found a staircase to the Depths.
  5719 | D:15     | Noticed a skeletal warrior
  5719 | D:15     | Noticed a cyclops
  5720 | D:15     | Noticed a flayed ghost
  5720 | D:15     | Noticed a two-headed ogre
  5817 | D:14     | Noticed a deep elf mage
  5826 | D:14     | Killed a deep elf mage
  5826 | D:14     | Reached skill level 10 in Armour
  5826 | D:14     | Reached XP level 12. HP: 99/108 MP: 19/19
  6046 | D:15     | Found Kubress's Book Emporium.
  6083 | D:15     | Reached ***** piety under Beogh
  6410 | D:12     | Noticed a two-headed ogre
  6414 | D:12     | Killed a two-headed ogre
  6417 | D:12     | Reached skill level 16 in Axes
  6428 | D:12     | Found a staircase to the Orcish Mines.
  6507 | D:12     | Slain by an ice devil

Skill      XL: |  1  2  3  4  5  6  7  8  9 10 11 12 |
---------------+-------------------------------------+-----
Axes           | 3 6 7 8 10 12 13 15 16 | 16.1
Fighting       | 4 5 7 8 9 10 11 | 11.3
Armour         | 4 5 6 7 8 10 | 10.5
Invocations    | 2 3 5 7 8 10 | 10.9
Shields        | |  3.2

Action                   |  1- 3 |  4- 6 |  7- 9 | 10-12 || total
-------------------------+-------+-------+-------+-------++-------
Melee: War axe           |    52 |    80 |   219 |       ||   351
       Hand axe          |       |       |   127 |   306 ||   433
       Unarmed           |       |       |    30 |       ||    30
       Battleaxe         |       |       |    16 |    74 ||    90
Throw: Throwing net      |       |       |     1 |     1 ||     2
Invok: Convert to Beogh  |     1 |       |       |       ||     1
       Smiting           |       |       |       |     3 ||     3
       Recall Orcish Fol |       |       |       |     1 ||     1
Evoke: Wand              |       |       |     5 |     1 ||     6
  Use: Potion            |     2 |     1 |     2 |       ||     5
       Scroll            |       |       |     3 |       ||     3
 Stab: Held in net/web   |       |       |     1 |       ||     1
       Paralysed         |       |       |     5 |       ||     5
       Distracted        |       |       |       |     8 ||     8
       Confused          |       |       |       |     1 ||     1
       Sleeping          |       |       |       |     1 ||     1
  Eat: Chunk             |       |     1 |     3 |    10 ||    14
       Bread ration      |       |       |     1 |       ||     1
       Fruit             |       |       |     2 |       ||     2
Armor: Scale mail        |    37 |    36 |   190 |    14 ||   277
       Skin              |       |       |    14 |       ||    14
       Troll leather arm |       |       |       |    80 ||    80
Dodge: Dodged            |    33 |    35 |   182 |   132 ||   382
